 Dungeon Crawl Stone Soup version 0.29.1-14-g9c671dbff4 (webtiles) character file.

Game seed: 16975110240765407598

45 javelincjr the Magician (level 3, -13/37 HPs)
             Began as a Djinni Conjurer on Feb 13, 2023.
             Killed from afar by Terence (15 damage)
             ... with a bolt of light
             ... on level 2 of the Dungeon.
             The game lasted 00:05:16 (1940 turns).

javelincjr the Magician (Djinni Conjurer)           Turns: 1940, Time: 00:05:17

Health: -13/37     AC: 21    Str:  8    XL:     3   Next: 90%
Gold:   85         EV:  2    Int: 19    God:
                   SH:  0    Dex: 11

rFire   . . .      SeeInvis .   j - +1 short sword (flame)
rCold   . . .      Faith    .   (no shield)
rNeg    . . .      Spirit   .   (body armour currently unavailable)
rPois   ∞          Reflect  .   (helmet currently unavailable)
rElec   .          Harm     .   (cloak currently unavailable)
rCorr   .          Rampage  .   (gloves currently unavailable)
Will    .....      NoTele   +   (boots unavailable)
Stlth   ++........              (no amulet)
HPRegen 0.12/turn               (no ring)
MPRegen 0.00/turn               (no ring)

@: tree-form, very slightly contaminated
A: stationary, stasis, torment immunity, boosted hp, sickness immunity, (fire
resistance 2), (cold vulnerability 1), float, innate caster, HP casting, extra
vitality 1
a: no special abilities


You were on level 2 of the Dungeon.
You were a tree.
You visited 1 branch of the dungeon, and saw 2 of its levels.

You collected 85 gold pieces.

Inventory:

Hand Weapons
 b - a +0 dagger
 j - a +1 short sword of flaming (weapon)
Missiles
 e - 2 poisoned darts (quivered)
Armour
 a - a +0 robe (melded)
Jewellery
 g - a ring of resist corrosion
Scrolls
 d - 3 scrolls of identify
 f - a scroll of amnesia
 h - a scroll of teleportation {unknown}
 i - a scroll of immolation {unknown}


   Skills:
 + Level 2.6 Dodging
 + Level 1.7 Stealth
 + Level 4.0 Spellcasting


You couldn't memorise any spells.
You knew the following spells:

 Your Spells              Type           Power      Damage    Failure   Level
a - Magic Dart            Conj           76%        1d6       2%          1
b - Searing Ray           Conj           38%        2d5       4%          2
c - Dazzling Flash        Conj/Hex       38%        N/A       8%          3
d - Fulminant Prism       Conj/Hex       9%         3d7       26%         4
e - Iskenderun's Mystic   Conj/Tloc      19%        2d6       26%         4
f - Foxfire               Conj/Fire      76%        2x1d7     2%          1
Your spell library was empty.

Dungeon Overview and Level Annotations

Branches:
Dungeon (2/15)

Altars:
Qazlal

Shops:
D:1 :

Annotations:
D:2 Terence


Innate Abilities, Weirdness & Mutations

You are a tree.
Your roots penetrate the ground, keeping you stationary.
You cannot be teleported.
You are immune to unholy pain and torment.
Your maximum health is greatly increased.
Your equipment is partially melded.
You are immune to sickness and miasma.
You are immune to poison.
((Your flesh is very heat resistant. (rF++)))
((You are vulnerable to cold. (rC-)))
You float through the air rather than walking.
You learn spells naturally, not from books.
Your magical power is your life essence.
You have superior vitality. (+4 MHP)


Message History

Casting: Magic Dart (safe; 2% risk of failure)
Confirm with . or Enter, or press ? or * to list all spells.
You can't see any susceptible monsters within range! (Use Z to cast anyway.)
You miscast Magic Dart.
You are very lightly contaminated with residual magic.
Nothing appears to happen.
Terence zaps a wand.
The bolt of light hits you!!
Ouch! That really hurt!
* * * LOW HITPOINT WARNING * * *
It was a potion of lignification.
You turn into a tree.
Your +0 robe melds into your body.
Your roots penetrate the ground.
As you read the scroll labelled VORCHO KUGYNE, it crumbles to dust.
It is a scroll of identify.
f - a scroll of amnesia Throw: 5 darts (poison)
Press: ? - help, Q - select action, (/) - cycle Shift-Dir - straight line, f/p - Terence
Aim: Terence, wielding a +2 vorpal hand axe, wearing a +0 scale mail and carrying a wand of light (9) (heavily wounded, 58% to hit)
You throw a poisoned dart. The poisoned dart hits Terence.
Terence is poisoned.
Terence is heavily wounded.
Throw: 4 darts (poison)
Press: ? - help, Q - select action, (/) - cycle Shift-Dir - straight line, f/p - Terence
Aim: Terence, wielding a +2 vorpal hand axe, wearing a +0 scale mail and carrying a wand of light (9) (heavily wounded, poisoned, 58% to hit)
You throw a poisoned dart. The poisoned dart hits Terence.
Terence looks even sicker.
Terence is heavily wounded.
Terence zaps a wand.
The bolt of light hits you.
You are confused.
* * * LOW HITPOINT WARNING * * *
You're too confused to cast spells.
Non-targeted confused throw: 3 darts (poison)
Press: ? - help, Q - select action, (/) - cycle Dir - look around, f - activate Look: Terence, wielding a +2 vorpal hand axe, wearing a +0 scale mail and carrying a wand of light (8) (heavily wounded, very poisoned)
You throw a poisoned dart.
You cannot move. (Use ctrl+direction or * direction to attack while stationary and confused.)
You cannot move. (Use ctrl+direction or * direction to attack while stationary and confused.) Unknown command.
You closely miss Terence. Your punch misses Terence.
Terence is severely wounded.
You feel less confused.
Terence zaps a wand.
The bolt of light hits you!
You die...

#......####...
#.............
#######.............
#............####...
#............# #...
#............# #...
#......###'### #.#+
. #.....(# #.# #.#
#.###..♣...# #.## ##
.......@...# #..#
####...(...# ####
#...(...# #.......#
#...##'#### .....
... ##........
#.####....


You could see Terence (very poisoned).

Vanquished Creatures
  An adder (D:2)
  3 endoplasms (D:1)
  5 goblins (D:1)
  3 hobgoblins (D:1)
  2 jackals (D:2)
  3 ball pythons
  6 bats
  6 frilled lizards
  6 kobolds
  2 rats (D:1)
37 creatures vanquished.

Notes
Turn   | Place    | Note
-------+----------+-------------------------------------------
     0 | D:1      | javelincjr the Djinni Conjurer began the quest for the Orb.
     0 | D:1      | javelincjr set off with the following spells memorised:
                  | Magic Dart, Searing Ray, Dazzling Flash, Fulminant Prism,
                  | Iskenderun's Mystic Blast.
     0 | D:1      | Reached XP level 1. HP: 15/15 MP: 0/0
    25 | D:1      | Found Coiwu's Book Shop.
   217 | D:1      | Reached XP level 2. HP: 16/21 MP: 0/0
   754 | D:1      | Reached XP level 3. HP: 23/25 MP: 0/0
   754 | D:1      | Learned a level 1 spell: Foxfire
   944 | D:1      | Found a faded altar of an unknown god.
  1420 | D:2      | Reached skill level 4 in Spellcasting
  1476 | D:2      | Found a stormy altar of Qazlal.
  1926 | D:2      | Noticed Terence
  1940 | D:2      | Killed from afar by Terence

Illustrated notes

Levels and vault maps discovered:
D:1:      amcnicky_arrival_single_pillar, layout_basic, serial_shops, shop,
          hellmonk_ecumenical_altar_run_dry
D:2:      layout_basic, basic_altar, uniq_terence, uniq_crazy_yiuf_cottage

Skill      XL: |  1  2  3 |
---------------+----------+-----
Spellcasting   | 4 |  4.0
Dodging        | |  2.6
Stealth        | |  1.7

Action                   || total
-------------------------++-------
Melee: Dagger            ||     5
       Short sword       ||     4
Throw: Dart              ||     3
 Cast: Magic Dart        ||    60
  Use: Scroll            ||     1
       Potion            ||     1
Armor: Robe              ||     5
Dodge: Dodged            ||     9
